 Dungeon Crawl Stone Soup version 0.30-a0-629-gd54f4be4f7 (webtiles) character file.

Game seed: 16322452985411358872

62 voltaire321 the Charlatan (level 3, -2/27 HPs)
             Began as a Demonspawn Artificer on Jan 12, 2023.
             Succumbed to an adder's poison
             ... on level 2 of the Dungeon.
             The game lasted 00:03:02 (1654 turns).

voltaire321 the Charlatan (Demonspawn Artificer)    Turns: 1654, Time: 00:03:02

Health: -2/27      AC:  3    Str: 18    XL:     3   Next: 85%
Magic:  3/3        EV: 12    Int: 12    God:
Gold:   73         SH:  0    Dex: 15    Spells: 2/2 levels left

rFire   . . .      SeeInvis .    f - +0 hand axe
rCold   . . .      Faith    .    (no shield)
rNeg    . . .      Spirit   .    b - +0 leather armour
rPois   .          Reflect  .    (no helmet)
rElec   .          Harm     .    (no cloak)
rCorr   .          Rampage  .    (no gloves)
Will    .....                    (no boots)
Stlth   +                        (no amulet)
HPRegen 0.24/turn                j - +6 ring of strength
MPRegen 0.08/turn                (no ring)

@: lethally poisoned (-2 -> -13)
A: powered by pain 1
a: no special abilities


You were on level 2 of the Dungeon.
You visited 1 branch of the dungeon, and saw 2 of its levels.

You collected 73 gold pieces.

Inventory:

Hand Weapons
 f - a +0 hand axe (weapon)
Armour
 b - a +0 leather armour (worn)
Jewellery
 j - a +6 ring of strength (left hand)
 n - a ring of flight
 o - an amulet of magic regeneration
Wands
 c - a wand of flame (15) (quivered)
 d - a wand of charming (15)
 e - a wand of iceblast (5)
Scrolls
 g - a scroll of fear {unknown}
 i - 2 scrolls of enchant weapon {unknown}
 k - a scroll of immolation {unknown}
 p - a scroll of fog {unknown}
 q - a scroll of summoning {unknown}
 r - a scroll of identify {unknown}
 s - a scroll of enchant armour {unknown}
Potions
 a - 4 potions of curing {unknown}
 h - a potion of brilliance {unknown}
 l - 2 potions of degeneration {unknown}
 m - 3 potions of attraction {unknown}
 t - a potion of haste {unknown}


   Skills:
 + Level 2.0 Fighting
 + Level 2.3 Armour
 + Level 1.8 Dodging
 - Level 0.9 Stealth
 + Level 3.5 Evocations


You had 2 spell levels left.
You didn't know any spells.
Your spell library contained the following spells:

 Spells                   Type           Power      Damage    Failure   Level
 Ignite Poison            Fire/Tmut/Pois 0%         N/A       75%         3
 Kindle Blastsparks       Fire/Tloc/Air  0%         2d10      75%         3
 Freezing Cloud           Conj/Ice/Air   0%         6-21      100%        5


Dungeon Overview and Level Annotations

Branches:
Dungeon (2/15)

Altars:


Innate Abilities, Weirdness & Mutations

You sometimes gain a little power by taking damage.


Message History

The adder hisses angrily.
The adder bites you.
You miss the adder. The adder bites you but does no damage.
You barely miss the adder. The adder bites you. The adder barely misses you.
You miss the adder. The adder bites you.
You are poisoned.
The adder poisons you! The adder misses you.
You completely miss the adder.
You feel sick. The adder bites you. The adder closely misses you.
You hit the adder but do no damage.
You feel sick. The adder bites you.
You are more poisoned.
The adder poisons you!
You hit the adder.
The adder is heavily wounded.
You feel sick.
The adder bites you but does no damage. x2
You closely miss the adder.
The adder is heavily wounded.
You feel sick. The adder bites you but does no damage. The adder bites you.
You are lethally poisoned!
The adder poisons you!
You closely miss the adder.
The adder is heavily wounded.
* * * LOW HITPOINT WARNING * * *
You feel very sick. The adder bites you but does no damage.
You hit the adder but do no damage.
The adder is heavily wounded.
* * * LOW HITPOINT WARNING * * *
You feel very sick. The adder barely misses you. The adder misses you.
You hit the adder.
The adder is almost dead.
* * * LOW HITPOINT WARNING * * *
You feel sick. The adder closely misses you. The adder bites you.
* * * LOW HITPOINT WARNING * * *
You are more poisoned.
The adder poisons you!
You hit the adder.
You kill the adder!
You die...

..# ... ..# ..# ..#
..# #######
#########†.# .......
...#...@..#
###########.#.####.#
.......#...........#
######.#.##†#.######
######.#.#.........#
.....#.#.#..#.####.#
####.#.#....#......#
#.#.####.########
#.#.............#


There were no monsters in sight!

Vanquished Creatures
  3 adders (D:2)
  3 dart slugs
  3 endoplasms
  2 giant cockroaches (D:1)
  2 hobgoblins (D:1)
  4 kobolds (D:1)
  5 quokkas
  4 ball pythons
  2 bats (D:2)
  2 frilled lizards (D:1)
  7 goblins
  A rat (D:1)
38 creatures vanquished.

Vanquished Creatures (others)
  A plant (D:1)
1 creature vanquished.

Grand Total: 39 creatures vanquished

Notes
Turn   | Place    | Note
-------+----------+-------------------------------------------
     0 | D:1      | voltaire321 the Demonspawn Artificer began the quest for
                  | the Orb.
     0 | D:1      | Reached XP level 1. HP: 15/15 MP: 1/1
    94 | D:1      | Reached skill level 1 in Dodging
   171 | D:1      | Gained mutation: You sometimes gain a little power by
                  | taking damage. [demonic ancestry]
   171 | D:1      | Reached XP level 2. HP: 21/21 MP: 2/2
   754 | D:1      | Reached XP level 3. HP: 27/27 MP: 3/3
  1653 | D:2      | HP: 1/27 [adder (1)]
  1654 | D:2      | Succumbed to an adder's poison

Illustrated notes

Levels and vault maps discovered:
D:1:      eino_arrival_druids_welcome, layout_basic
D:2:      layout_basic, kennysheep_generic_room_2

Skill      XL: |  1  2  3 |
---------------+----------+-----
Dodging        | 1 |  1.8
Armour         | 2 |  2.3
Fighting       | 2 |  2.0
Stealth        | |  0.9
Evocations     | |  3.5

Action                   || total
-------------------------++-------
Melee: Hand axe          ||   119
       Punch             ||     2
 Stab: Sleeping          ||     3
Armor: Leather armour    ||    37
Dodge: Dodged            ||    81

Table legend: (Time is in decaauts)
 A = Elapsed time spent in this place.
 B = Non-inter-level travel time spent in this place.
 C = Inter-level travel time spent in this place.
 D = Time resting spent in this place.
 E = Time spent auto-exploring this place.
 F = Levels seen in this place.
 G = Mean time per level.
                   A        B        C        D        E       F      G
               +--------+--------+--------+--------+--------+-----+--------+
         Total |   1688 |   1642 |     46 |    112 |   1129 |   2 |  844.0 |
       Dungeon |   1688 |   1642 |     46 |    112 |   1129 |   2 |  844.0 |
               +--------+--------+--------+--------+--------+-----+--------+

Top non-repeatable levels by time:
     D:2: 865 daAuts
     D:1: 822 daAuts
